 Dungeon Crawl Stone Soup version 0.27-a0-931-g5a74e75d8f (webtiles) character file.

Game seed: 13173951333280461249

904 Alarkh the Insei (level 7, -9/55 HPs)
             Began as a Demonspawn Gladiator on Apr 10, 2021.
             Mangled by an ogre
             ... wielding a +0 giant club
              (20 damage)
             ... on level 5 of the Dungeon.
             The game lasted 00:06:00 (3726 turns).

Alarkh the Insei (Demonspawn Gladiator)             Turns: 3726, Time: 00:06:01

Health: -9/55      AC: 11    Str: 14    XL:     7   Next: 80%
Magic:  7/7        EV: 11    Int: 19    God:
Gold:   677        SH:  7    Dex: 15    Spells: 6/6 levels left

rFire    . . .     SeeInvis .     - Unarmed
rCold    . . .     Faith    +   f - +2 buckler {AC+3}
rNeg     . . .     Spirit   .   q - +2 ring mail of the Bulwark {Int+6}
rPois    .         Reflect  .   b - +0 helmet
rElec    .         Harm     .   (no cloak)
rCorr    .         Rampage  .   (no gloves)
Will     .....                  (no boots)
Stlth    +.........             i - amulet of faith
HPRegen  0.18/turn              (no ring)
MPRegen  0.10/turn              (no ring)

@: no status effects
A: claws 2, powered by pain 1, big brain 1
a: no special abilities


You were on level 5 of the Dungeon.
You visited 1 branch of the dungeon, and saw 5 of its levels.
You also visited: Sewer.

You collected 839 gold pieces.
You spent 162 gold pieces at shops.

Inventory:

Missiles
 c - 3 throwing nets (quivered)
 F - 13 poisoned darts
Armour
 b - a +0 helmet (worn)
 f - a +2 buckler of protection (worn)
 q - the +2 ring mail of the Bulwark (worn) {Int+6}
   (You bought it in a shop on level 2 of the Dungeon)

   It affects your intelligence (+6).
Jewellery
 i - an amulet of faith (around neck)
Scrolls
 l - a scroll of teleportation {unknown}
 m - a scroll of amnesia {unknown}
 n - a scroll of fear
 o - a scroll of identify {unknown}
 p - a scroll of noise {unknown}
Potions
 d - 4 potions of flight
 g - 3 potions of curing
 h - a potion of attraction {unknown}
 j - a potion of lignification {unknown}
 k - a potion of resistance {unknown}


   Skills:
 + Level 4.8 Fighting
 - Level 1.7 Throwing
 - Level 2.6 Dodging
 + Level 3.4 Shields
 * Level 6.5 Unarmed Combat


You had 6 spell levels left.
You didn't know any spells.
Your spell library was empty.

Dungeon Overview and Level Annotations

Branches:
Dungeon (5/15)              Sewer (visited)
 Temple: D:4-7

Altars:
Elyvilon
Fedhas
Kikubaaqudgha
Okawaru
Wu Jian
Yredelemnul
The Shining One

Shops:
D:2 [   D:5 *

Annotations:
D:3 2 transporters, Menkaure


Innate Abilities, Weirdness & Mutations

You have very sharp fingernails.
You sometimes gain a little power by taking damage.
You have an unusually large brain. (Int +2)


Message History

You see here a quokka corpse.
You are too injured to fight recklessly!
You feel a little less mighty now.
An ogre comes into view. It is wielding a +0 giant club.
An ogre is nearby!
An ogre is nearby!
The ogre shouts!
You don't have any such object.
Fire/throw which item? (* to show all) (? for menu, Esc to quit)
Throw: 16 darts (poison)
Press: ? - help, Shift-Dir - straight line, f - ogre
Aim: an ogre, wielding a +0 giant club (75% to hit)
You throw a poisoned dart. The poisoned dart hits the ogre.
The ogre is poisoned.
Throw: 15 darts (poison)
Press: ? - help, Shift-Dir - straight line, f/p - ogre
Aim: an ogre, wielding a +0 giant club (poisoned, 75% to hit)
You throw a poisoned dart.
The poisoned dart barely misses the ogre.
You scratch the ogre.
The ogre is lightly wounded.
The ogre hits you with a +0 giant club!
You are too injured to fight recklessly!
You are too injured to fight recklessly!
Throw: 14 darts (poison)
Press: ? - help, Shift-Dir - straight line, f/p - ogre
Aim: an ogre, wielding a +0 giant club (lightly wounded, poisoned, 75% to hit)
You throw a poisoned dart. The poisoned dart hits the ogre.
The ogre looks even sicker.
The ogre is lightly wounded.
The ogre hits you with a +0 giant club!!
* * * LOW HITPOINT WARNING * * *
It was a potion of cancellation.
You feel magically purged.
You barely miss the ogre.
The ogre is moderately wounded.
You block the ogre's attack.
You barely miss the ogre.
The ogre is moderately wounded.
The ogre hits you with a +0 giant club!!
You die...

#######(#.###.#
#####♣
#.#.....# #♣.∩
##(####### #..♣
#......#####
#...
#.†.....(...
#...
#.)....####
#... #......#
#### #....O.#
#....@.#
########


You could see an ogre (poisoned).

Vanquished Creatures
  Sigmund (D:5)
  A water moccasin (D:3)
  A black bear (D:4)
  An ogre (D:4)
  A kobold brigand (Sewer)
  Blork the orc (D:4)
  A bullfrog skeleton (D:5)
  2 hounds
  An orc priest (D:4)
  2 orc wizards (D:5)
  5 adders
  A river rat (D:3)
  An ufetubus (D:4)
  A worm (D:5)
  2 dart slugs (D:3)
  4 orcs
  11 ball pythons
  4 bats
  10 endoplasms
  3 giant cockroaches
  3 goblins
  5 hobgoblins
  9 jackals
  10 kobolds
  4 quokkas
  4 frilled lizards (D:3)
  12 rats
101 creatures vanquished.

Notes
Turn   | Place    | Note
-------+----------+-------------------------------------------
     0 | D:1      | Alarkh the Demonspawn Gladiator began the quest for the
                  | Orb.
     0 | D:1      | Reached XP level 1. HP: 16/16 MP: 1/1
   132 | D:1      | Reached skill level 3 in Unarmed Combat
   203 | D:1      | Gained mutation: You have sharp fingernails. [demonic
                  | ancestry]
   203 | D:1      | Reached XP level 2. HP: 22/22 MP: 2/2
   524 | D:1      | Gained mutation: You have very sharp fingernails. [demonic
                  | ancestry]
   524 | D:1      | Reached XP level 3. HP: 23/28 MP: 3/3
   849 | D:2      | You fall into a shaft and drop 2 floors!
   943 | D:3      | Found a transporter.
   945 | D:3      | Found a transporter.
   946 | D:3      | Found a basalt altar of Yredelemnul.
   973 | D:3      | Found a faded altar of an unknown god.
  1007 | D:3      | Identified a scroll of acquirement
  1007 | D:3      | Acquired a +2 buckler of protection
  1094 | D:3      | Reached skill level 4 in Unarmed Combat
  1094 | D:3      | Gained mutation: You sometimes gain a little power by
                  | taking damage. [demonic ancestry]
  1094 | D:3      | Reached XP level 4. HP: 29/34 MP: 4/4
  1101 | D:3      | Found a glowing drain.
  1126 | Sewer    | Entered a sewer
  1178 | Sewer    | Noticed a kobold brigand
  1210 | Sewer    | Killed a kobold brigand
  1211 | Sewer    | Reached skill level 1 in Shields
  1211 | Sewer    | Gained mutation: You have an unusually large brain. (Int
                  | +2) [demonic ancestry]
  1211 | Sewer    | Reached XP level 5. HP: 20/41 MP: 5/5
  1476 | D:3      | Noticed a water moccasin
  1484 | D:3      | Killed a water moccasin
  1485 | D:3      | Reached skill level 5 in Unarmed Combat
  1485 | D:3      | Reached XP level 6. HP: 45/47 MP: 6/6
  1882 | D:2      | Found Uclor's Antique Armour Boutique.
  2230 | D:3      | Found an ancient bone altar of Kikubaaqudgha.
  2230 | D:3      | Noticed Menkaure
  2663 | D:4      | Noticed Blork the orc
  2675 | D:4      | Killed Blork the orc
  2748 | D:4      | Reached XP level 7. HP: 52/54 MP: 7/7
  2917 | D:4      | Found an ornate altar of the Wu Jian Council.
  2918 | D:4      | Found an iron altar of Okawaru.
  2983 | D:4      | Found a blossoming altar of Fedhas.
  3257 | D:5      | Entered Level 5 of the Dungeon
  3314 | D:5      | Reached skill level 6 in Unarmed Combat
  3314 | D:5      | Found Xakiode's General Store.
  3326 | D:5      | Acquired 666 gold pieces
  3395 | D:2      | Bought a faintly glowing ring mail for 162 gold pieces
  3395 | D:2      | Identified the +2 ring mail of the Bulwark {Int+6} (You
                  | bought it in a shop on level 2 of the Dungeon)
  3584 | D:5      | Noticed Sigmund
  3599 | D:5      | Killed Sigmund
  3726 | D:5      | Mangled by an ogre

Illustrated notes

Levels and vault maps discovered:
D:1:      onia_arrival_pentagram, layout_loops_ring
D:2:      layout_basic, serial_shops, nicolae_shop_crystal, serial_bayou_pond_b
D:3:      layout_basic, gammafunk_temple_of_torment,
          hellmonk_ecumenical_altar_zigzags, portal_sewer_entry_c
D:4:      black_bear_nest_1, layout_gridville, elyvilon_altar_5, minitemple,
          nicolae_tso_carved_into_rock, fedhas_altar_2, uniq_blork_the_orc
D:5:      kennysheep_steamy, layout_basic, ashenzari_conservatory_becter,
          serial_shops, kennysheep_mini_moat, nicolae_shop_trees, shop,
          uniq_sigmund

Skill      XL: |  1  2  3  4  5  6  7 |
---------------+----------------------+-----
Unarmed Combat | 3 4 5 6 |  6.5
Fighting       | 3 4 |  4.8
Shields        | 1 2 3 |  3.4
Throwing       | |  1.7
Dodging        | |  2.6

Action                   |  1- 3 |  4- 6 |  7- 9 || total
-------------------------+-------+-------+-------++-------
Melee: Unarmed           |   129 |   125 |    46 ||   300
       Punch             |     2 |       |       ||     2
Throw: Dart              |       |     6 |     3 ||     9
  Use: Scroll            |     3 |       |     1 ||     4
       Potion            |       |     2 |     1 ||     3
 Stab: Sleeping          |     1 |     2 |       ||     3
Armor: Leather armour    |    38 |    29 |     5 ||    72
       Ring mail         |       |       |    13 ||    13
Dodge: Dodged            |    77 |    71 |    14 ||   162
Block: Buckler           |     4 |    28 |    14 ||    46

Table legend: (Time is in decaauts)
 A = Elapsed time spent in this place.
 B = Non-inter-level travel time spent in this place.
 C = Inter-level travel time spent in this place.
 D = Time resting spent in this place.
 E = Time spent auto-exploring this place.
 F = Levels seen in this place.
 G = Mean time per level.
                   A        B        C        D        E       F      G
               +--------+--------+--------+--------+--------+-----+--------+
         Total |   3741 |   3478 |    263 |      0 |   2781 |   6 |  623.5 |
       Dungeon |   3448 |   3185 |    263 |      0 |   2573 |   5 |  689.6 |
         Sewer |    293 |    293 |      0 |      0 |    207 |   1 |  293.0 |
               +--------+--------+--------+--------+--------+-----+--------+

Top non-repeatable levels by time:
     D:3: 926 daAuts
     D:1: 840 daAuts
     D:4: 803 daAuts
     D:2: 520 daAuts
     D:5: 357 daAuts
   Sewer: 293 daAuts
